 Dungeon Crawl Stone Soup version 0.28-a0-691-gad6df49e81 (webtiles) character file.

Game seed: 15160521241688471105

22 kae the Ruffian (level 2, -9/24 HPs)
             Began as a Draconian Transmuter on Oct 20, 2021.
             Mangled by an iguana (12 damage)
             ... on level 2 of the Dungeon.
             The game lasted 00:00:30 (998 turns).

kae the Ruffian (Draconian Transmuter)               Turns: 998, Time: 00:00:31

Health: -9/24      AC:  4    Str: 12    XL:     2   Next: 68%
Magic:  5/5        EV: 12    Int: 13    God:
Gold:   53         SH:  0    Dex: 11    Spells: 4/5 levels left

rFire   . . .      SeeInvis .     - Unarmed
rCold   . . .      Faith    .   (no shield)
rNeg    . . .      Spirit   .   (armour unavailable)
rPois   .          Reflect  .   (helmet restricted)
rElec   .          Harm     .   (no cloak)
rCorr   .          Rampage  .   (no gloves)
Will    .....                   (no boots)
Stlth   +.........              (no amulet)
HPRegen 0.08/turn               (no ring)
MPRegen 0.09/turn               (no ring)

@: no status effects
A: AC +4, unfitting armour, cold-blooded
a: no special abilities


You were on level 2 of the Dungeon.
You visited 1 branch of the dungeon, and saw 2 of its levels.

You collected 53 gold pieces.

Inventory:

Jewellery
 c - a ring of ice
Scrolls
 a - 2 scrolls of teleportation
Potions
 b - a potion of curing
 d - a potion of flight


   Skills:
 + Level 1.7 Fighting
 - Level 1.7 Dodging
 * Level 3.5 Unarmed Combat
 - Level 2.0 Spellcasting
 + Level 2.3 Transmutations


You had 4 spell levels left.
You knew the following spells:

 Your Spells              Type           Power      Damage    Failure   Level
a - Beastly Appendage     Tmut           14%        N/A       10%         1

Your spell library contained the following spells:

 Spells                   Type           Power      Damage    Failure   Level
 Wereblood                Tmut           7%         N/A       14%         2
 Spider Form              Tmut/Pois      2%         N/A       43%         3
 Ice Form                 Ice/Tmut       4%         N/A       83%         4


Dungeon Overview and Level Annotations

Branches:
Dungeon (2/15)

Altars:
Vehumet


Innate Abilities, Weirdness & Mutations

Your plain brown scales are hard. (AC +4)
You cannot fit into any form of body armour.
You are cold-blooded and may be slowed by cold attacks.


Message History

An iguana comes into view.
The iguana hisses angrily.
The bat closely misses you.
Your horns disappear.
Your talons disappear.
The bat misses you.
There are monsters nearby!
You barely miss the bat. The bat hits you but does no damage.
You hit the bat.
The bat is severely wounded.
The bat closely misses you.
There are monsters nearby!
You punch the bat!
You kill the bat!
You hit the iguana. You punch the iguana.
The iguana is moderately wounded.
The iguana bites you!
An iguana is nearby!
You are too injured to fight recklessly!
You are too injured to fight recklessly!
An iguana is nearby!
You are too injured to fight recklessly!
You are too injured to fight recklessly!
An iguana is nearby!
You are too injured to fight recklessly!
You are too injured to fight recklessly!
You hit the iguana but do no damage.
The iguana is moderately wounded.
The iguana barely misses you.
You barely miss the iguana.
The iguana is moderately wounded.
The iguana bites you but does no damage.
You hit the iguana.
The iguana is severely wounded.
The iguana bites you!
* * * LOW HITPOINT WARNING * * *
You closely miss the iguana.
The iguana is severely wounded.
The iguana bites you!
Ouch! That really hurt!
You die...

..... .... . ..>.
#######.... #.....
#..........
.#..##..........
.....>........
##.........# ..
##...#...l..##.#####
...#.......@..........##
.....#...##†...........##
. #...##..............#
#..#.##....._........#
.#..##.##..............#
.............(..........#
#...##..##..............#
... #...###............##
##......# ##....>)....##


You could see an iguana.

Vanquished Creatures
  3 endoplasms (D:1)
  3 quokkas (D:1)
  3 ball pythons
  2 bats
  4 goblins (D:1)
  4 kobolds
  A rat (D:2)
20 creatures vanquished.

Notes
Turn   | Place    | Note
-------+----------+-------------------------------------------
     0 | D:1      | kae the Draconian Transmuter began the quest for the Orb.
     0 | D:1      | Reached XP level 1. HP: 16/16 MP: 3/3
   156 | D:1      | Reached XP level 2. HP: 16/23 MP: 3/5
   955 | D:2      | Found a radiant altar of Vehumet.
   998 | D:2      | Mangled by an iguana

Illustrated notes

Levels and vault maps discovered:
D:1:      lemuel_arrival_rhombus, layout_loops_ring
D:2:      layout_rooms, basic_altar, uniq_sigmund

Action                   || total
-------------------------++-------
Melee: Unarmed           ||    73
       Headbutt          ||    10
       Tailslap          ||     4
       Kick              ||     6
       Punch             ||     2
 Cast: Beastly Appendage ||    13
  Use: Scroll            ||     3
Armor: Skin              ||    29
Dodge: Dodged            ||    44

Table legend: (Time is in decaauts)
 A = Elapsed time spent in this place.
 B = Non-inter-level travel time spent in this place.
 C = Inter-level travel time spent in this place.
 D = Time resting spent in this place.
 E = Time spent auto-exploring this place.
 F = Levels seen in this place.
 G = Mean time per level.
                   A        B        C        D        E       F      G
               +--------+--------+--------+--------+--------+-----+--------+
         Total |    992 |    963 |     29 |      0 |    794 |   2 |  496.0 |
       Dungeon |    992 |    963 |     29 |      0 |    794 |   2 |  496.0 |
               +--------+--------+--------+--------+--------+-----+--------+

Top non-repeatable levels by time:
     D:1: 938 daAuts
     D:2: 54 daAuts
